 Dungeon Crawl Stone Soup version 0.16.1-7-g2c6721e (webtiles) character file.

5268 jacksonaction the Grappler (level 10, 0/98 HPs)
             Began as a Troll Monk on Mar 29, 2015.
             Was an Elder of Okawaru.
             Slain by a spiny frog (23 damage)
             ... on level 1 of the Lair of Beasts.
             The game lasted 00:47:48 (7365 turns).

jacksonaction the Grappler (Troll Monk)             Turns: 7365, Time: 00:47:48

Health: 0/98       AC:  6    Str: 21    XL:     10   Next: 36%
Magic:  7/7        EV: 14    Int:  6    God:    Okawaru [****..]
Gold:   531        SH:  0    Dex: 15    Spells: 0 memorised, 9 levels left

rFire  . . .     SeeInvis .       - Unarmed
rCold  . . .     Clarity  .     a - +0 robe
rNeg   . . .     SustAb   .     (shield restricted)
rPois  .         Gourm    +     (helmet restricted)
rElec  .         Spirit   .     l - +0 cloak
rCorr  .         Warding  .     (gloves unavailable)
rMut   .         Stasis   .     (boots unavailable)
MR     .....                    (no amulet)
Stlth  ++........               (no ring)
                                (no ring)

@: lethally poisoned (0 -> -14), not resistant to hostile enchantments,
unstealthy
A: unfitting armour, claws 3, fast metabolism 3, gourmand, regeneration 2,
shaggy fur 1, tough skin 2
a: Heroism, Renounce Religion


You were on level 1 of the Lair of Beasts.
You worshipped Okawaru.
Okawaru was greatly pleased with you.
You were very full.

You visited 3 branches of the dungeon, and saw 10 of its levels.

You collected 531 gold pieces.

Inventory:

Hand weapons
 k - a +4 quarterstaff of chaos
 L - a cursed -2 long sword
Armour
 a - a +0 robe (worn)
 l - a +0 cloak (worn)
 t - the +2 robe of the Doldrums {rN+ Str+3 Dex+4 Slay+3, unknown}
   (You found it on level 4 of the Dungeon)

   It affects your strength (+3).
   It affects your dexterity (+4).
   It affects your accuracy and damage with ranged weapons and melee attacks
   (+3).
   It protects you from negative energy.
Jewellery
 o - an uncursed amulet of stasis {unknown}
 D - a +4 ring of dexterity {unknown}
 E - an uncursed ring of protection from cold {unknown}
 G - an uncursed ring of stealth {unknown}
 H - an uncursed amulet of guardian spirit {unknown}
Magical devices
 b - a wand of cold (4)
 K - a wand of draining (5)
Scrolls
 e - 3 scrolls of immolation {unknown}
 f - 4 scrolls of remove curse {unknown}
 h - 2 scrolls of enchant weapon {unknown}
 m - 4 scrolls of amnesia {unknown}
 q - 5 scrolls of identify {unknown}
 u - a scroll of random uselessness {unknown}
 x - a scroll of holy word {unknown}
 y - 2 scrolls of fear {unknown}
 A - a scroll of torment {unknown}
 B - a scroll of silence {unknown}
 C - a scroll of blinking {unknown}
 I - a scroll of enchant armour {unknown}
Potions
 g - 3 potions of heal wounds {unknown}
 i - 3 potions of poison {unknown}
 j - 2 potions of lignification {unknown}
 n - a potion of brilliance {unknown}
 p - 4 potions of agility {unknown}
 r - 5 potions of curing {unknown}
 s - a potion of berserk rage {unknown}
 v - 2 potions of might {unknown}
 w - a potion of mutation {unknown}
 F - a potion of restore abilities {unknown}
Comestibles
 c - 3 beef jerkies
 d - 7 bread rations
 z - a slice of pizza
 J - 2 chunks of flesh


   Skills:
 + Level 5.7 Fighting
 + Level 7.1 Dodging
 - Level 1.1 Stealth
 * Level 11.8 Unarmed Combat
 - Level 2.5 Invocations


You had 9 spell levels left.
You didn't know any spells.

Dungeon Overview and Level Annotations

Branches:
Dungeon (8/15)             Temple (1/1) D:4            Lair (1/8) D:8

Altars:
Ashenzari
Cheibriados
Dithmenos
Elyvilon
Fedhas
Gozag
Kikubaaqudgha
Makhleb
Nemelex Xobeh
Okawaru
Qazlal
Ru
Sif Muna
Trog
Vehumet
Xom
Yredelemnul
Zin
The Shining One
Beogh

Shops:
D:5 *


Innate Abilities, Weirdness & Mutations

You are too large for most types of armour.
You have claws for hands.
Your metabolism is lightning-fast.
You like to eat raw meat.
You heal very quickly.
You are covered in fur (AC +1).
You have very tough skin (AC +2).


Message History

You scratch the spiny frog!!
You kill the spiny frog!
Okawaru accepts your kill.
You feel sick.
You feel sick.
You feel sick.
You feel sick.
You feel sick.
You feel sick. The spiny frog stings you!!
You are more poisoned.
The spiny frog poisons you! The spiny frog misses you.
You scratch the spiny frog.
The spiny frog begins to bleed from its wounds!
The spiny frog is lightly wounded.
You feel sick. The spiny frog stings you!
* * * LOW HITPOINT WARNING * * *
You scratch the spiny frog.
The spiny frog is lightly wounded.
You feel sick. The spiny frog stings you!!
You die...

....# ##........(...##
....# ##.......#.....#
....###....#.P###....#
##...........## #.####
#...........## #####
#...#..##P..#####...#
#...##.....###.#....#
######......###F....#
#..........@..#
#.#....##.......#
........#...###..#
..........### .#
......... # ##......
....... .....# .


You could see a spiny frog (bleeding).

Vanquished Creatures
  Pikel (D:6)
  A spiny frog (Lair:1)
  A troll (D:8)
  The ghost of Jackel the Cudgeler, an average DsGl of Okawaru (D:5)
  6 yaks
  2 hippogriffs (Lair:1)
  A water moccasin (Lair:1)
  2 sky beasts
  A porcupine (Lair:1)
  2 ogres
  An orc warrior (D:6)
  A necrophage (D:8)
  3 centaurs
  2 crocodiles (Lair:1)
  A big kobold (D:7)
  3 giant frogs
  Blork the orc (D:7)
  3 elf skeletons (D:4)
  7 scorpions
  2 goliath beetles (D:7)
  7 crimson imps
  Crazy Yiuf (D:2)
  An iguana (Lair:1)
  3 orc priests
  A jelly (D:8)
  A human skeleton (D:4)
  5 hounds
  3 orc wizards
  4 worker ants (D:4)
  Ijyb (D:7)
  A hound zombie (D:8)
  A hound skeleton (D:6)
  10 adders
  4 giant mites
  3 worms
  An adder skeleton (D:7)
  20 orcs
  3 giant cockroaches
  8 goblins
  22 hobgoblins
  4 quokkas
  9 bats
  A giant cockroach zombie (D:5)
  3 giant geckos
  6 giant newts
  2 jackal zombies (D:7)
  14 kobolds
  An orc skeleton (D:4)
  An orc zombie (D:4)
  A quokka skeleton (D:6)
  A quokka zombie (D:5)
  15 rats
200 creatures vanquished.

Vanquished Creatures (others)
  A slave (D:6)
  A black bear (D:6)
  An ogre (D:6)
  A jelly (D:6)
  A worker ant (D:6)
  3 goblins (D:6)
8 creatures vanquished.

Grand Total: 208 creatures vanquished

Notes
Turn   | Place    | Note
--------------------------------------------------------------
     0 | D:1      | jacksonaction, the Troll Monk, began the quest for the Orb.
     0 | D:1      | Reached XP level 1. HP: 22/22 MP: 1/1
   190 | D:1      | Reached XP level 2. HP: 29/29 MP: 1/1
   967 | D:2      | Reached XP level 3. HP: 31/36 MP: 2/2
  1450 | D:2      | Noticed Crazy Yiuf
  1509 | D:2      | Killed Crazy Yiuf
  1509 | D:2      | Reached skill level 5 in Unarmed Combat
  1509 | D:2      | Reached XP level 4. HP: 22/44 MP: 2/2
  1757 | D:3      | Found a basalt altar of Yredelemnul.
  2203 | D:3      | Reached XP level 5. HP: 40/52 MP: 2/2
  2232 | D:3      | Found an opulent altar of Gozag.
  2232 | D:3      | Found a sparkling altar of Nemelex Xobeh.
  2235 | D:3      | Found a glowing golden altar of the Shining One.
  2235 | D:3      | Found a deep blue altar of Sif Muna.
  2236 | D:3      | Found a shadowy altar of Dithmenos.
  2725 | D:4      | Found a roughly hewn altar of Beogh.
  2736 | D:4      | Reached skill level 6 in Unarmed Combat
  2912 | D:4      | Reached XP level 6. HP: 57/61 MP: 3/3
  3016 | D:4      | Found a sand-covered staircase.
  3022 | D:4      | Reached skill level 7 in Unarmed Combat
  3076 | D:4      | Found a stormy altar of Qazlal.
  3102 | D:4      | Found a staircase to the Ecumenical Temple.
  3114 | Temple   | Entered the Ecumenical Temple
  3142 | Temple   | Became a worshipper of Warmaster Okawaru
  3142 | Temple   | Acquired Okawaru's first power
  3425 | D:4      | Got a slimy robe
  3452 | D:4      | Reached XP level 7. HP: 64/67 MP: 3/3
  3595 | D:5      | Entered Level 5 of the Dungeon
  3651 | D:5      | Noticed Jackel's ghost (average DsGl)
  3663 | D:5      | Killed Jackel's ghost
  3698 | D:5      | Reached skill level 1 in Invocations
  3857 | D:5      | Found Cuby's Assorted Antiques.
  3880 | D:5      | Found a sand-covered staircase.
  4058 | D:5      | Reached skill level 8 in Unarmed Combat
  4189 | D:5      | Reached XP level 8. HP: 69/75 MP: 5/5
  4475 | D:6      | Noticed Pikel
  4494 | D:6      | Killed Pikel
  4494 | D:6      | Reached skill level 5 in Dodging
  4563 | D:6      | Reached skill level 9 in Unarmed Combat
  5176 | D:6      | Reached XP level 9. HP: 85/85 MP: 4/7
  5621 | D:7      | Noticed Ijyb
  5636 | D:7      | Killed Ijyb
  5659 | D:7      | Reached skill level 10 in Unarmed Combat
  5971 | D:7      | Noticed Blork the orc
  5977 | D:7      | Killed Blork the orc
  6402 | D:8      | Reached skill level 5 in Fighting
  6550 | D:8      | Found a staircase to the Lair.
  6792 | Lair:1   | Entered Level 1 of the Lair of Beasts
  6857 | Lair:1   | Reached skill level 11 in Unarmed Combat
  6912 | Lair:1   | Reached XP level 10. HP: 48/96 MP: 7/7
  7353 | Lair:1   | Noticed a spiny frog
  7354 | Lair:1   | Noticed a spiny frog
  7358 | Lair:1   | Killed a spiny frog
  7365 | Lair:1   | Slain by a spiny frog

Action                   |  1- 3 |  4- 6 |  7- 9 | 10-12 || total
-------------------------+-------+-------+-------+-------++-------
Melee: Unarmed           |    76 |   141 |   331 |    46 ||   594
Invok: Heroism           |       |       |     9 |     2 ||    11
 Stab: Sleeping          |     1 |     2 |     6 |       ||     9
  Eat: Chunk             |    10 |    11 |    19 |     8 ||    48
       Meat ration       |     1 |     1 |     2 |       ||     4
       Pizza             |       |     1 |     1 |       ||     2
